 Dungeon Crawl Stone Soup version 0.27-a0-773-gaaee5cf45b (webtiles) character file.

Game seed: 616076172736936917

93 robertstho the Magician (level 4, 0/32 HPs)
             Began as a Djinni Fire Elementalist on Mar 25, 2021.
             Killed from afar by a white imp (19 damage)
             ... with a puff of frost
             ... on level 3 of the Dungeon.
             The game lasted 00:03:02 (2514 turns).

robertstho the Magician (Djinni Fire Elementalist)  Turns: 2514, Time: 00:03:02

Health: 0/32       AC:  2    Str:  7    XL:     4   Next: 62%
Gold:   93         EV: 12    Int: 17    God:
                   SH:  0    Dex: 14

rFire    + + .     SeeInvis +   k - +1 whip (drain)
rCold    x . .     Faith    .   (no shield)
rNeg     . . .     Spirit   .   a - +0 robe
rPois    ∞         Reflect  .   (no helmet)
rElec    .         Harm     .   (no cloak)
rCorr    .         Rampage  .   (no gloves)
Will     .....                  (boots unavailable)
Stlth    ++........             m - amulet of regeneration
HPRegen  1.10/turn              e - ring of wizardry
MPRegen  0.00/turn              i - ring of see invisible

@: flying
A: fire resistance 2, cold vulnerability 1, float, innate caster, hp casting,
extra vitality 1
a: no special abilities


You were on level 3 of the Dungeon.
You visited 1 branch of the dungeon, and saw 3 of its levels.

You collected 93 gold pieces.

Inventory:

Hand Weapons
 k - a +1 whip of draining (weapon)
Armour
 a - a +0 robe (worn)
Jewellery
 e - a ring of wizardry (right hand)
 i - a ring of see invisible (left hand)
 m - an amulet of regeneration (around neck)
Scrolls
 b - a scroll of identify {unknown}
 c - a scroll of enchant weapon {unknown}
 d - 4 scrolls of teleportation {unknown}
 n - 2 scrolls of immolation {unknown}
Potions
 f - 2 potions of attraction {unknown}
 g - 2 potions of heal wounds {unknown}
 h - a potion of brilliance {unknown}
 j - 3 potions of haste {unknown}
 l - a potion of mutation {unknown}
 o - 2 potions of flight {unknown}


   Skills:
 * Level 1.1 Fighting
 + Level 2.2 Dodging
 - Level 1.5 Stealth
 * Level 4.2 Spellcasting


You couldn't memorise any spells.
You knew the following spells:

 Your Spells              Type           Power      Damage    Failure   Level
a - Foxfire               Conj/Fire      72%        2x1d7     1%          1
b - Conjure Flame         Conj/Fire      18%        6-21      3%          3
c - Inner Flame           Hex/Fire       18%        N/A       3%          3
d - Sticky Flame          Conj/Fire      18%        2d4       11%         4
e - Fireball              Conj/Fire      9%         3d6       28%         5
f - Magic Dart            Conj           72%        1d6       1%          1
Your spell library was empty.

Dungeon Overview and Level Annotations

Branches:
Dungeon (3/15)

Altars:
Cheibriados
Dithmenos
Fedhas
Kikubaaqudgha
Qazlal
Sif Muna
Xom
Yredelemnul
Zin


Innate Abilities, Weirdness & Mutations

You are immune to poison.
Your flesh is very heat resistant. (rF++)
You are vulnerable to cold. (rC-)
You float through the air rather than walking.
You learn spells naturally, not from books.
Your magical power is your life essence.
You have superior vitality. (+4 HP)


Message History

Confirm with . or Enter, or press ? or * to list all spells.
You conjure some foxfire!
The ball python bites you but does no damage.
The ball python grabs you. The ball python constricts you.
The foxfire hits the ball python!
You kill the ball python!
Your foxfire dissipates!
Found 9 gold pieces.
You now have 93 gold pieces (gained 9).
Found a leather armour.
You see here a +0 leather armour.
Found an escape hatch in the ceiling.
Found a stone staircase leading down.
There is an escape hatch in the ceiling here.
A white imp comes into view.
A white imp is nearby!
A white imp is nearby!
A white imp is nearby!
A white imp is nearby!
Casting: Foxfire (safe; 1% risk of failure)
Confirm with . or Enter, or press ? or * to list all spells.
You conjure some foxfire!
The white imp shouts!
The foxfire hits the white imp but does no damage.
Casting: Foxfire (safe; 1% risk of failure)
Confirm with . or Enter, or press ? or * to list all spells.
You conjure some foxfire!
The foxfire hits the white imp.
The white imp is burned terribly!
The white imp is moderately wounded.
The white imp gestures at you. The puff of frost hits you!
You feel a terrible chill!
Casting: Foxfire (safe; 1% risk of failure)
Confirm with . or Enter, or press ? or * to list all spells.
You conjure some foxfire!
The foxfire hits the white imp but does no damage.
The white imp is moderately wounded.
The white imp gestures at you. The puff of frost hits you!!
You feel a terrible chill!
Ouch! That really hurt!
You die...

...###...#.#
......#.#.#
..........#
######.#.<.#
........#..#
........#..#
........##>#
........§v##
#####..§@v#
#..§§.#
#.§§..#
#§§...#
#v....#
#5....#
#.....#
#.....#


You could see a white imp (ally target).

Vanquished Creatures
  2 adders (D:2)
  2 dart slugs (D:1)
  9 bats
  2 endoplasms (D:2)
  3 giant cockroaches (D:2)
  5 goblins
  6 hobgoblins
  18 jackals
  4 quokkas
  3 ball pythons
  A frilled lizard (D:1)
  3 kobolds
  5 rats
63 creatures vanquished.

Vanquished Creatures (collateral kills)
  A foxfire (D:2)
1 creature vanquished.

Vanquished Creatures (others)
  157 foxfires
157 creatures vanquished.

Grand Total: 221 creatures vanquished

Notes
Turn   | Place    | Note
-------+----------+-------------------------------------------
     0 | D:1      | robertstho the Djinni Fire Elementalist began the quest for
                  | the Orb.
     0 | D:1      | Reached XP level 1. HP: 15/15 MP: 0/0
   220 | D:1      | Reached skill level 3 in Spellcasting
   414 | D:1      | Reached XP level 2. HP: 18/22 MP: 0/0
   915 | D:1      | Reached XP level 3. HP: 25/26 MP: 0/0
   915 | D:1      | Learned a level 1 spell: Magic Dart
  1565 | D:2      | Found a glowing silver altar of Zin.
  1566 | D:2      | Found a shadowy altar of Dithmenos.
  1566 | D:2      | Found a stormy altar of Qazlal.
  1568 | D:2      | Found a blossoming altar of Fedhas.
  1568 | D:2      | Found a shimmering altar of Xom.
  1845 | D:2      | Reached skill level 1 in Fighting
  1845 | D:2      | Reached skill level 4 in Spellcasting
  1845 | D:2      | Reached XP level 4. HP: 19/32 MP: 0/0
  2264 | D:2      | Found a basalt altar of Yredelemnul.
  2451 | D:3      | Found a snail-covered altar of Cheibriados.
  2514 | D:3      | Killed from afar by a white imp

Illustrated notes

Levels and vault maps discovered:
D:1:      dpeg_cavernosity, layout_loops_ring
D:2:      layout_loops_ring, led_sif_pool, grunt_temple_overflow_open,
          yredelemnul_altar_generic
D:3:      layout_basic, old_standard_altar, uniq_jessica

Skill      XL: |  1  2  3 |
---------------+----------+-----
Spellcasting   | 3 4 |  4.2
Fighting       | 1 |  1.1
Dodging        | |  2.2
Stealth        | |  1.5

Action                   |  1- 3 |  4- 6 || total
-------------------------+-------+-------++-------
Melee: Whip              |       |     8 ||     8
 Cast: Foxfire           |    69 |    32 ||   101
Armor: Robe              |     4 |     5 ||     9
Dodge: Dodged            |    16 |    11 ||    27

Table legend: (Time is in decaauts)
 A = Elapsed time spent in this place.
 B = Non-inter-level travel time spent in this place.
 C = Inter-level travel time spent in this place.
 D = Time resting spent in this place.
 E = Time spent auto-exploring this place.
 F = Levels seen in this place.
 G = Mean time per level.
                   A        B        C        D        E       F      G
               +--------+--------+--------+--------+--------+-----+--------+
         Total |   2512 |   2453 |     59 |      0 |   2152 |   3 |  837.3 |
       Dungeon |   2512 |   2453 |     59 |      0 |   2152 |   3 |  837.3 |
               +--------+--------+--------+--------+--------+-----+--------+

Top non-repeatable levels by time:
     D:1: 1464 daAuts
     D:2: 881 daAuts
     D:3: 166 daAuts
